 Dungeon Crawl Stone Soup version 0.31.0-9-g3a7656b989 (webtiles) character file.

Game seed: 12719772588427965825

287 qw the Skirmisher (level 6, -1/35 HPs)
             Began as a Deep Elf Hunter on Feb 2, 2024.
             Was an Initiate of Okawaru.
             Incinerated by a bombardier beetle (4 damage)
             ... with a burning spray
             ... on level 4 of the Dungeon.
             The game lasted 00:00:10 (2365 turns).

qw the Skirmisher (Deep Elf Hunter)                 Turns: 2365, Time: 00:00:11

Health: -1/35      AC: 11    Str: 10    XL:     6   Next: 8%
Magic:  2/2        EV:  9    Int: 14    God:    Okawaru [......]
Gold:   141        SH:  0    Dex: 18    Spells: 5/5 levels left

rFire   . . .        b - +2 arbalest (antimagic)
rCold   . . .        (shield currently unavailable)
rNeg    . . .        l - +3 scale mail
rPois   .            (no helmet)
rElec   .            c - +0 cloak
rCorr   .            i - +0 pair of gloves
SInv    .            (no boots)
Will    .....        (no amulet)
Stlth   +            (no ring)
HPRegen 0.25/turn    (no ring)
MPRegen 0.08/turn

%: no passive effects
@: on fire, glowing
A: no striking features
a: Renounce Religion


You were on level 4 of the Dungeon.
You worshipped Okawaru.
Okawaru was noncommittal.
You visited 2 branches of the dungeon, and saw 5 of its levels.

You collected 141 gold pieces.


   Skills:
 - Level 2.0 Fighting
 + Level 9.2 Ranged Weapons
 - Level 1.2 Armour
 - Level 2.4 Dodging
 - Level 1.2 Stealth


You had 5 spell levels left.
You didn't know any spells.
Your spell library was empty.

Inventory:

Hand Weapons
 b - a +2 antimagic arbalest (weapon)
Armour
 c - a +0 cloak (worn)
 i - a +0 pair of gloves (worn)
 l - a +3 scale mail (worn)
Scrolls
 a - a scroll of identify
 g - 4 scrolls of teleportation
Potions
 d - a potion of enlightenment
 f - a potion of haste
 h - 2 potions of heal wounds
 k - a potion of cancellation

Dungeon Overview and Level Annotations

Branches:
Dungeon (4/15)             Temple (1/1) D:4

Altars:
Cheibriados
Fedhas
Gozag
Hepliaklqana
Kikubaaqudgha
Nemelex Xobeh
Okawaru
Qazlal
Ru
Trog
Uskayaw
Wu Jian
Xom
Yredelemnul
Zin
The Shining One

Shops:
D:1 *


Message History

You kill the goblin!
Okawaru accepts your kill.
Your extra speed is starting to run out.
You see here 6 boomerangs.
You feel yourself slow down.
You open the door.
Found a hide-covered altar of Uskayaw.
There is an open door here.
There is a hide-covered altar of Uskayaw here.
You open the door.
There is an open door here.
Found a stone staircase leading down.
Found a stone staircase leading up.
You see here a book of Armaments.
You see here a scroll of butterflies.
a - a scroll of identify
Found a stone staircase leading down.
A bombardier beetle comes into view.
You shoot a bolt. The bolt hits the bombardier beetle!
The bombardier beetle is heavily wounded.
The bombardier beetle sprays incendiary fluid at you.
The burning spray hits you.
You are covered in liquid fire!
You shoot a bolt.
The bolt hits the bombardier beetle but does no damage.
The bombardier beetle is heavily wounded.
The liquid fire burns you!
You shoot a bolt.
The bolt closely misses the bombardier beetle.
The liquid fire burns you!
The bombardier beetle bites you but does no damage.
You shoot a bolt. The bolt hits the bombardier beetle!
You kill the bombardier beetle!
Okawaru accepts your kill. The liquid fire burns you!
Your Fighting skill increases to level 2!
You have reached level 6!
You are on fire!
The liquid fire burns you!
You die...

.#.# .#.#
####......#.# .#.#
.~.....~..#.# ## .#
.~.~.~....#. ~~# .#
.~..~.~.~.~##~# .#
~.~~~~~~~~~~~~# .#
~~~~~~~.~~~~~# .###
.....~.~.~.# ##.#
.~.~...@...# ##.###
##.....#..## ......
#.....#.## ##.###
#.....#.# ##.##
#######.# ....###
#####.#
.#....#######.....#
##.##...##....#####
#.####....####


There were no monsters in sight!

Vanquished Creatures
  A phantom (D:4)
  2 bombardier beetles (D:4)
  A hound (D:4)
  3 adders
  2 ribbon worms (D:2)
  12 orcs
  3 ball pythons
  7 endoplasms
  2 giant cockroaches
  10 goblins
  8 hobgoblins
  10 kobolds
  3 quokkas
  4 bats
  5 frilled lizards
  4 rats
77 creatures vanquished.

Notes
Turn   | Place    | Note
-------+----------+-------------------------------------------
     0 | D:1      | qw the Deep Elf Hunter began the quest for the Orb.
     0 | D:1      | Reached XP level 1. HP: 12/12 MP: 3/3
     0 | D:1      | 0 ||| qw: Version: 0.3-a-155-g5e7d8dd
     0 | D:1      | 0 ||| qw: Game counter: 739
     0 | D:1      | 0 ||| qw: Melee chars always use a shield: true
     0 | D:1      | 0 ||| qw: God list: Okawaru
     0 | D:1      | 0 ||| qw: Allow faded altars: false
     0 | D:1      | 0 ||| qw: Do Orc after clearing Dungeon:15 true
     0 | D:1      | 0 ||| qw: Do second Lair branch before Depths: true
     0 | D:1      | 0 ||| qw: Lair rune preference: random
     0 | D:1      | 0 ||| qw: Goals: Normal
     0 | D:1      | 0 ||| PLANNING D:1-11
    13 | D:1      | HP: 3/12 [quokka (1)]
    58 | D:1      | Found a faded altar of an unknown god.
   139 | D:1      | Reached XP level 2. HP: 16/16 MP: 4/4
   152 | D:1      | Reached skill level 6 in Ranged Weapons
   314 | D:1      | Found Isash's General Store.
   322 | D:1      | 322 ||| SHOPLISTING +0 cloak (63 gold, have 14).
   322 | D:1      | 322 ||| SHOPLISTING potion of curing (42 gold, have 14).
   322 | D:1      | 322 ||| SHOPLISTING potion of heal wounds (70 gold, have
                  | 14).
   322 | D:1      | 322 ||| SHOPLISTING scroll of identify (28 gold, have 14).
   606 | D:1      | 606 ||| READING 2 scrolls labelled NEHEUS EKUM.
   606 | D:1      | 606 ||| ENCHANTING +0 shortbow.
   607 | D:1      | 607 ||| READING scroll of enchant weapon.
   607 | D:1      | 607 ||| ENCHANTING +1 shortbow.
   608 | D:1      | 608 ||| READING scroll labelled INGENIL PAO.
   609 | D:1      | 609 ||| READING 5 scrolls labelled VUGHOA GIEFFE.
   612 | D:1      | 612 ||| READING scroll labelled WELUES HUGOA.
   612 | D:1      | 612 ||| IDENTIFYING smoky cyan potion
   613 | D:1      | 613 ||| READING scroll labelled USMADGHEISH.
   614 | D:1      | 614 ||| DROPPING scroll of butterflies.
   642 | D:2      | 642 ||| STAIRDANCE
   647 | D:2      | Reached XP level 3. HP: 19/20 MP: 5/5
   801 | D:2      | Found a shimmering altar of Xom.
   904 | D:2      | Reached skill level 7 in Ranged Weapons
  1241 | D:2      | 1241 ||| UPGRADING to +0 ring mail.
  1251 | D:2      | 1251 ||| DROPPING +0 leather armour.
  1252 | D:2      | 1252 ||| UPGRADING to +0 pair of gloves.
  1257 | D:2      | 1257 ||| READING 2 scrolls of identify.
  1257 | D:2      | 1257 ||| IDENTIFYING metallic sapphire potion
  1258 | D:2      | 1258 ||| READING scroll of identify.
  1258 | D:2      | 1258 ||| IDENTIFYING viscous green potion
  1259 | D:2      | 1259 ||| READING scroll labelled NYOKHE ZEURR.
  1260 | D:2      | 1260 ||| READING scroll labelled XELANI PIGRU.
  1261 | D:2      | 1261 ||| DRINKING 3 pink potions.
  1262 | D:2      | 1262 ||| DROPPING potion of lignification.
  1279 | D:3      | Reached XP level 4. HP: 25/25 MP: 6/6
  1305 | D:3      | 1305 ||| FLEEEEING.
  1800 | D:3      | Reached skill level 8 in Ranged Weapons
  2038 | D:3      | 2038 ||| UPGRADING to +0 cloak.
  2043 | D:3      | 2043 ||| UPGRADING to +3 scale mail.
  2053 | D:3      | 2053 ||| DROPPING +0 ring mail.
  2054 | D:3      | 2054 ||| READING scroll of identify.
  2054 | D:3      | 2054 ||| IDENTIFYING coppery potion
  2055 | D:3      | 2055 ||| READING scroll labelled SOGISOT ONEH.
  2055 | D:3      | Identified a scroll of acquirement
  2055 | D:3      | 2055 ||| ACQUIRING +2 antimagic arbalest
  2055 | D:3      | Acquired a +2 antimagic arbalest
  2057 | D:3      | 2057 ||| SWAPPING to +2 antimagic arbalest.
  2058 | D:3      | 2058 ||| DROPPING +2 shortbow.
  2091 | D:4      | Reached skill level 1 in Armour
  2091 | D:4      | Reached XP level 5. HP: 29/29 MP: 2/7
  2104 | D:4      | Found a staircase to the Ecumenical Temple.
  2105 | D:4      | 2105 ||| PLANNING TEMPLE
  2111 | Temple   | Entered the Ecumenical Temple
  2112 | Temple   | 2112 ||| PLANNING OKAWARU WORSHIP
  2120 | Temple   | Became a worshipper of Warmaster Okawaru
  2121 | Temple   | 2121 ||| PLANNING D:1-11
  2216 | D:4      | Noticed a phantom
  2217 | D:4      | 2217 ||| DRINKING 2 potions of haste.
  2219 | D:4      | Killed a phantom
  2229 | D:4      | Reached skill level 9 in Ranged Weapons
  2270 | D:4      | Found a hide-covered altar of Uskayaw.
  2364 | D:4      | HP: 2/29 [burnt (10)]
  2365 | D:4      | Reached XP level 6. HP: 3/35 MP: 2/8
  2365 | D:4      | Incinerated by a bombardier beetle

Levels and vault maps discovered:
D:1:      onia_arrival_pentagram, layout_basic, serial_shops, shop,
          dreamdust_ecumenical_altar_grove
D:2:      layout_loops_ring, basic_altar
D:3:      layout_basic
D:4:      layout_basic, lemuel_doored_altar, minmay_temple_entry_arrows,
          serial_rivers, chequers_serial_rivers_small_3,
          chequers_serial_rivers_micro_e, chequers_serial_rivers_small_3,
          chequers_serial_rivers_micro_c, chequers_serial_rivers_micro_d,
          minmay_quantized
Temple:   hellmonk_temple_of_storms

Skill      XL: |  1  2  3  4  5 |
---------------+----------------+-----
Ranged Weapons | 6 7 8 9 |  9.2
Armour         | 1 |  1.2
Fighting       | 2 |  2.0
Dodging        | |  2.4
Stealth        | |  1.2

Action                     |  1- 3 |  4- 6 || total
---------------------------+-------+-------++-------
   Fire: Shortbow          |   118 |    52 ||   170
         Arbalest          |       |    20 ||    20
    Use: Scroll            |    10 |     2 ||    12
         Potion            |     1 |     1 ||     2
 Armour: Leather armour    |    24 |       ||    24
         Ring mail         |       |     4 ||     4
         Scale mail        |       |     1 ||     1
  Dodge: Dodged            |    25 |     9 ||    34

Table legend:
 A = Non-vault XP
 B = Vault XP
 C = Vault XP percentage of total XP
 D = Non-vault monster count
 E = Vault monster count
 F = Vault count percentage of total count
                 A         B        C        D         E       F
            +---------+---------+-------+---------+---------+-------
      Total |     402 |       8 |   2.0 |      73 |       4 |   5.2
            +---------+---------+-------+---------+---------+-------
        D:1 |      40 |       0 |   0.0 |      24 |       0 |   0.0
        D:2 |      54 |       0 |   0.0 |      16 |       0 |   0.0
        D:3 |      70 |       0 |   0.0 |      26 |       0 |   0.0
        D:4 |     238 |       8 |   3.3 |       7 |       4 |  36.4
            +---------+---------+-------+---------+---------+-------
